 Dungeon Crawl Stone Soup version bcrawl-1.13 (webtiles) character file.

Game seed: 16124355281671100377

9405 Camlann the Impaler (level 11, -3/76 (77) HPs)
             Began as a Merfolk Archaeologist on July 27, 2019.
             Slain by an eight-headed hydra (12 damage)
             ... on level 10 of the Dungeon.
             The game lasted 00:17:09 (8161 turns).

Camlann the Impaler (Merfolk Archaeologist)         Turns: 8161, Time: 00:17:10

HP:   -3/76 (77)    AC:  9    Str: 21    XL:     11   Next: 46%
MP:   11/11         EV: 19    Int: 18    God:
Gold: 718           SH:  0    Dex: 15    Spells: 10/10 levels left

rFire    . . .     SeeInvis .   f - +5 scythe "Finisher" {speed, eviscerate}
rCold    + . .     Gourm    .   (shield currently unavailable)
rNeg     . . .     Faith    .   e - +2 leather armour {rC+}
rPois    +         Spirit   .   (no helmet)
rElec    .         Reflect  .   h - scarf {cloud immunity}
rCorr    .         Harm     .   A - +1 pair of gloves
MR       .....                  d - +1 pair of boots
Stlth    +++.......             (no amulet)
HPRegen  0.22/turn              O - +2 ring of strength (curse)
MPRegen  0.12/turn              o - ring of wizardry

@: mighty
A: change form in water, swift swim, stealthy swim, thin skeletal structure 1,
clever 2, frail 1, sense surroundings 1, poison resistance
a: no special abilities


You were on level 10 of the Dungeon.
You were not hungry.

You visited 2 branches of the dungeon, and saw 11 of its levels.
You also visited: Ossuary.

You collected 718 gold pieces.

Inventory:

Hand Weapons
 b - the +3 long sword "Burhafro" {venom, Fragile +Fly rPois rN+, unknown}
   (You found it on level 5 of the Dungeon)

   It poisons the flesh of those it strikes.
   It protects you from poison.
   It protects you from negative energy.
   It lets you fly.
   It will be destroyed if unequipped.
 f - the +5 scythe "Finisher" (weapon) {speed, eviscerate} Attacks with this weapon are significantly faster.
Armour
 d - a +1 pair of boots (worn)
 e - a +2 leather armour of cold resistance (worn)
 h - a scarf of cloud immunity (worn)
 m - a +2 helmet
 A - a +1 pair of gloves (worn)
Jewellery
 j - an uncursed ring of stealth
 o - a ring of wizardry (right hand)
 K - an uncursed ring of stealth
 N - a +3 amulet of reflection {unknown}
 O - a cursed +2 ring of strength (left hand)
Wands
 a - a wand of random effects (5)
 c - a wand of polymorph (8)
 k - a wand of digging (10)
 u - a wand of disintegration (10)
 F - a wand of iceblast (9)
 I - a wand of flame (36)
Scrolls
 n - 14 scrolls of teleportation
 q - 3 scrolls of fog
 s - a scroll of blinking
 t - 5 scrolls of enchant armour
 y - 2 scrolls of amnesia
 B - a scroll of magic mapping
 C - a scroll of summoning
 E - a scroll of immolation
 H - a scroll of remove curse
 J - a scroll of enchant weapon
 P - a scroll of fear
Potions
 l - 3 potions of flight
 p - a potion of lignification
 r - 7 potions of curing
 v - 2 potions of agility
 w - 2 potions of heal wounds
 x - 2 potions of magic
 z - 2 potions of ambrosia
 D - a potion of resistance {unknown}
 G - a potion of might
 L - a potion of haste {unknown}
 M - a potion of berserk rage
Comestibles
 g - 18 rations {!d}
 i - 4 chunks of flesh


   Skills:
 + Level 8.1 Fighting
   Level 0.7 Maces & Flails
 - Level 19.0 Polearms
 + Level 11.0 Dodging
 - Level 3.6 Stealth


You had 10 spell levels left.
You didn't know any spells.
Your spell library contained the following spells:

 Spells                   Type           Power        Failure   Level  Hunger
 Apportation              Tloc           #.....       11%         1    ##.....
 Infusion                 Chrm           #.......     11%         1    ##.....
 Sandblast                Erth           #.....       11%         1    ##.....
 Slow                     Hex            #.......     11%         1    ##.....
 Summon Butterflies       Summ           #.......     11%         1    ##.....


Dungeon Overview and Level Annotations

Branches:
Dungeon (10/12)            Temple (1/1) D:5            Lair (0/6) D:7
    Orc: D:8-11

Altars:
Ashenzari
Cheibriados
Dithmenos
Elyvilon
Fedhas
Gozag
Hepliaklqana
Kikubaaqudgha
Lugonu
Makhleb
Okawaru
Qazlal
Ru
Sif Muna
Trog
Uskayaw
Vehumet
Wu Jian
Xom
Yredelemnul
Zin
The Shining One

Shops:
D:6 *   D:7 %

Annotations:
D:9 3 runed translucent doors, Lucifer's ghost, journeyman DsSu


Innate Abilities, Weirdness & Mutations

You revert to your normal form in water.
You are very nimble and swift while swimming.
You are very stealthy in the water. (Stealth+)
You have a somewhat thin skeletal structure. (Dex +2, Stealth)
Your mind is very acute. (Int +4)
You are frail. (-10% HP)
You passively map a small area around you.
Your system is resistant to poisons. (rPois)


Message History

The deep elf mage conjures a globe of magical energy!
A battlesphere comes into view.
The battlesphere moves out of view.
You feel very mighty all of a sudden.
You barely miss the seven-headed hydra.
The seven-headed hydra barely misses you.
The seven-headed hydra bites you but does no damage. x3
The seven-headed hydra bites you. x2
* * * LOW HITPOINT WARNING * * *
The seven-headed hydra completely misses you.
You chop one of the seven-headed hydra's heads off!
The six-headed hydra grows two more!
You slash the eight-headed hydra! The eight-headed hydra bites you.
* * * LOW HITPOINT WARNING * * *
The eight-headed hydra bites you.
* * * LOW HITPOINT WARNING * * *
The eight-headed hydra bites you.
* * * LOW HITPOINT WARNING * * *
The eight-headed hydra bites you!
You die...

......................
,
......................
,
..###.###...........#
.* .# ....
##.........#* .. #
..#..,,##.......##,..
, .##..#. ####.#### .#
, .# #.,#.....#,.#*
###%#.#.#.#%.# ,
.........@..#,,,,
....##.#D##..# , ,
*##..#...°.#..# * * ,
#.. ###°### ..#, .. #c
** ... * ,.e☼,,* .. *
, , , *##. * . , ,,
,#e ,, , , *.. * ,, ,


You could see an eight-headed hydra, a yaktaur and a deep elf mage.

Vanquished Creatures
  A tengu warrior (D:8)
  A two-headed ogre (D:7)
  Joseph (D:7)
  7 hippogriffs
  A spriggan (D:8)
  Sigmund (D:4)
  2 hungry ghosts
  The ghost of brkfrs the Changer, an amateur DrTm (D:4)
  Menkaure (D:4)
  3 porcupines (D:7)
  Duvessa (D:5)
  2 orc warriors
  A sky beast (D:6)
  A black bear (D:7)
  2 ice beasts (D:7)
  5 ogres
  A necrophage (D:5)
  3 centaurs
  2 crocodiles
  A big kobold (D:9)
  7 bullfrogs
  2 gnoll sergeants (D:7)
  Dowan (D:5)
  2 water moccasin skeletons
  5 scorpions
  5 killer bees (D:8)
  2 howler monkeys
  9 wights
  7 crimson imps
  2 quasits
  2 human zombies (Ossuary)
  4 bullfrog zombies
  6 orc wizards
  A bullfrog skeleton (D:5)
  A gnoll shaman (D:9)
  3 hounds
  4 orc priests
  4 centaur skeletons
  2 iguanas
  Ijyb (D:4)
  6 worker ants
  2 hound zombies (Ossuary)
  4 mummies (Ossuary)
  10 adders
  14 gnolls
  A howler monkey skeleton (D:6)
  2 shadow imps (D:9)
  2 oozes
  3 adder zombies
  3 adder skeletons
  4 dart slugs
  6 leopard geckos
  21 orcs
  A ball python (D:1)
  4 giant cockroaches
  3 goblins
  7 hobgoblins
  11 jackals
  4 quokkas
  5 bats
  6 frilled lizards
  A goblin zombie (Ossuary)
  3 hobgoblin zombies (Ossuary)
  A jackal skeleton (D:4)
  2 jackal zombies (Ossuary)
  9 kobolds
  A quokka zombie (D:5)
  5 rats
  A rat zombie (Ossuary)
250 creatures vanquished.

Vanquished Creatures (others)
  10 fungi (D:7)
  4 plants (D:7)
14 creatures vanquished.

Grand Total: 264 creatures vanquished

Notes
Turn   | Place    | Note
-------+----------+-------------------------------------------
     0 | D:1      | Camlann the Merfolk Archaeologist began the quest for the
                  | Orb.
     0 | D:1      | Reached XP level 1. HP: 15/15 MP: 1/1
   263 | D:1      | Reached XP level 2. HP: 18/21 MP: 2/2
   310 | D:1      | Reached skill level 5 in Dodging
   479 | D:1      | Reached XP level 3. HP: 24/26 MP: 3/3
   673 | D:1      | Reached skill level 1 in Polearms
   676 | D:1      | Reached skill level 2 in Polearms
   900 | D:2      | Found a sacrificial altar of Ru.
   949 | D:2      | Reached skill level 3 in Polearms
  1046 | D:2      | Reached skill level 4 in Polearms
  1317 | D:3      | Reached XP level 4. HP: 32/32 MP: 4/4
  1324 | D:3      | Reached skill level 5 in Polearms
  1349 | D:3      | Reached skill level 6 in Polearms
  1651 | D:3      | Reached skill level 7 in Polearms
  1651 | D:3      | Reached XP level 5. HP: 16/37 MP: 5/5
  1949 | D:3      | Found a faded altar of an unknown god.
  2150 | D:3      | Reached skill level 8 in Polearms
  2163 | D:3      | Reached skill level 9 in Polearms
  2671 | D:4      | Noticed brkfrs's ghost (amateur DrTm)
  2673 | D:4      | Noticed Sigmund
  2674 | D:4      | Found a runed translucent gate.
  2674 | D:4      | Found a runed translucent gate.
  2674 | D:4      | Found a runed translucent gate.
  2699 | D:4      | Killed Sigmund
  2699 | D:4      | Reached skill level 10 in Polearms
  2699 | D:4      | Reached XP level 6. HP: 43/43 MP: 6/6
  2707 | D:4      | Reached skill level 11 in Polearms
  2728 | D:4      | Killed brkfrs's ghost
  2728 | D:4      | Reached XP level 7. HP: 35/48 MP: 7/7
  2841 | D:4      | Found a blossoming altar of Fedhas.
  2960 | D:4      | Reached skill level 12 in Polearms
  2965 | D:4      | Noticed Ijyb
  2970 | D:4      | Killed Ijyb
  3052 | D:4      | Noticed Menkaure
  3058 | D:4      | Killed Menkaure
  3080 | D:4      | Reached skill level 13 in Polearms
  3113 | D:4      | Reached XP level 8. HP: 54/54 MP: 8/8
  3155 | D:4      | Found a glowing golden altar of the Shining One.
  3245 | D:5      | Entered Level 5 of the Dungeon
  3245 | D:5      | Noticed Dowan
  3246 | D:5      | Noticed Duvessa
  3252 | D:5      | Killed Duvessa
  3261 | D:5      | Killed Dowan
  3261 | D:5      | Reached skill level 14 in Polearms
  3446 | D:5      | Got a fine long sword
  3749 | D:5      | Reached skill level 15 in Polearms
  3888 | D:5      | Found a staircase to the Ecumenical Temple.
  3894 | Temple   | Entered the Ecumenical Temple
  4361 | D:6      | Reached XP level 9. HP: 58/58 MP: 9/9
  4389 | D:6      | Reached skill level 16 in Polearms
  4516 | D:6      | Found a sand-covered staircase.
  4521 | Ossuary  | Entered an ossuary
  4816 | D:6      | Reached skill level 17 in Polearms
  4820 | D:6      | Found Zin's Purification Station.
  4823 | D:6      | Found a glowing silver altar of Zin.
  5375 | D:7      | Found a staircase to the Lair.
  5405 | D:7      | Reached skill level 18 in Polearms
  5440 | D:7      | Noticed Joseph
  5448 | D:7      | Killed Joseph
  5448 | D:7      | Reached XP level 10. HP: 35/64 MP: 10/10
  5657 | D:7      | Reached skill level 19 in Polearms
  5808 | D:7      | Found Reamargh's Food Emporium.
  5815 | D:7      | Noticed a two-headed ogre
  5824 | D:7      | Killed a two-headed ogre
  6200 | D:8      | Reached skill level 5 in Fighting
  6883 | D:8      | Reached XP level 11. HP: 67/80 MP: 11/11
  6983 | D:8      | Noticed a tengu warrior
  6999 | D:8      | Killed a tengu warrior
  6999 | D:8      | Reached skill level 10 in Dodging
  7223 | D:9      | Gained mutation: You are partially covered in iridescent
                  | scales. (AC +2) [potion of mutation]
  7223 | D:9      | Gained mutation: Armour fits poorly on your strangely
                  | shaped body. [potion of mutation]
  7223 | D:9      | Gained mutation: Your magical capacity is low. (-10% MP)
                  | [potion of mutation]
  7223 | D:9      | Gained mutation: You are robust. (+10% HP) [potion of
                  | mutation]
  7224 | D:9      | Lost mutation: Armour fits poorly on your strangely shaped
                  | body. [potion of mutation]
  7224 | D:9      | Lost mutation: Your magical capacity is low. (-10% MP)
                  | [potion of mutation]
  7224 | D:9      | Gained mutation: Your mind is acute. (Int +2) [potion of
                  | mutation]
  7224 | D:9      | Gained mutation: You possess an exceptional clarity of
                  | mind. [potion of mutation]
  7224 | D:9      | Gained mutation: Your mind is very acute. (Int +4) [potion
                  | of mutation]
  7224 | D:9      | Gained mutation: You have a beak for a mouth. [potion of
                  | mutation]
  7225 | D:9      | Lost mutation: You possess an exceptional clarity of mind.
                  | [potion of mutation]
  7225 | D:9      | Lost mutation: You are robust. (+10% HP) [potion of
                  | mutation]
  7225 | D:9      | Lost mutation: You have a beak for a mouth. [potion of
                  | mutation]
  7225 | D:9      | Lost mutation: You are partially covered in iridescent
                  | scales. (AC +2) [potion of mutation]
  7225 | D:9      | Gained mutation: You have a somewhat thin skeletal
                  | structure. (Dex +2, Stealth) [potion of mutation]
  7225 | D:9      | Gained mutation: Your system is resistant to poisons.
                  | (rPois) [potion of mutation]
  7225 | D:9      | Gained mutation: You are frail. (-10% HP) [potion of
                  | mutation]
  7225 | D:9      | Gained mutation: You passively map a small area around you.
                  | [potion of mutation]
  7480 | D:9      | Found an ornate altar of the Wu Jian Council.
  7489 | D:9      | Found an iron altar of Okawaru.
  7490 | D:9      | Found a white marble altar of Elyvilon.
  7490 | D:9      | Found a shimmering altar of Xom.
  7490 | D:9      | Found a bloodstained altar of Trog.
  7491 | D:9      | Found a shadowy altar of Dithmenos.
  7492 | D:9      | Found a basalt altar of Yredelemnul.
  7515 | D:9      | Found a runed translucent gate.
  7517 | D:9      | Found a runed translucent gate.
  7519 | D:9      | Found a runed translucent gate.
  7568 | D:9      | Noticed Lucifer's ghost (journeyman DsSu)
  8125 | D:10     | Entered Level 10 of the Dungeon
  8150 | D:10     | Noticed a four-headed hydra
  8153 | D:10     | Noticed a four-headed hydra
  8154 | D:10     | Noticed a deep elf mage
  8161 | D:10     | Slain by an eight-headed hydra

Skill      XL: |  1  2  3  4  5  6  7  8  9 10 11 |
---------------+----------------------------------+-----
Dodging        | 5 9 11 | 11.0
Polearms       | 4 7 10 11 13 15 18 19 | 19.0
Fighting       | 6 8 |  8.1
Maces & Flails | |  0.7
Stealth        | |  3.6

Action                   |  1- 3 |  4- 6 |  7- 9 | 10-12 || total
-------------------------+-------+-------+-------+-------++-------
Melee: Whip              |   141 |   180 |       |       ||   321
       Scythe            |       |    15 |   217 |   272 ||   504
  Use: Scroll            |     6 |     4 |     4 |     6 ||    20
       Potion            |       |     5 |       |     4 ||     9
 Stab: Sleeping          |    17 |     4 |    14 |    23 ||    58
       Distracted        |       |       |     1 |     2 ||     3
  Eat: Chunk             |     1 |     5 |     7 |     9 ||    22
       Ration            |       |       |     1 |       ||     1
Armor: Robe              |    56 |    68 |     2 |       ||   126
       Skin              |       |    16 |     1 |       ||    17
       Leather armour    |       |       |    67 |    47 ||   114
Dodge: Dodged            |   113 |   135 |   110 |   128 ||   486
